 Dungeon Crawl Stone Soup version 0.19.0 (webtiles) character file.

2575 Gorglomux the Thaumaturge (level 9, -1/45 HPs)
             Began as a Deep Elf Summoner on Nov 1, 2016.
             Was a Believer of Vehumet.
             Slain by a killer bee (6 damage)
             ... on level 8 of the Dungeon.
             The game lasted 00:32:27 (11757 turns).

Gorglomux the Thaumaturge (Deep Elf Summoner)      Turns: 11757, Time: 00:32:27

Health: -1/45      AC:  3    Str:  5    XL:     9   Next: 32%
Magic:  16/26      EV: 13    Int: 28    God:    Vehumet [**....]
Gold:   338        SH:  0    Dex: 15    Spells: 6 memorised, 13 levels left

rFire  . . .     SeeInvis .     w - +4 flail (protect)
rCold  . . .     Gourm    .     a - +0 robe
rNeg   . . .     Faith    .     (no shield)
rPois  .         Spirit   .     (no helmet)
rElec  .         Reflect  .     (no cloak)
rCorr  .         Harm     .     u - +0 pair of gloves
MR     .....                    (no boots)
Stlth  ++........               (no amulet)
                                G - ring of wizardry
                                y - +4 ring of intelligence

@: lethally poisoned (-1 -> -8)
A: no striking features
a: Renounce Religion


You were on level 8 of the Dungeon.
You worshipped Vehumet.
Vehumet was pleased with you.
You were not hungry.

You visited 3 branches of the dungeon, and saw 10 of its levels.

You collected 338 gold pieces.

Inventory:

Hand Weapons
 i - a +0 short sword
 w - a +4 flail of protection (weapon)
Armour
 a - a +0 robe (worn)
 u - a +0 pair of gloves (worn)
Magical Staves
 r - an uncursed staff of earth
Jewellery
 y - a +4 ring of intelligence (left hand)
 G - a ring of wizardry (right hand)
 J - an uncursed ring of teleportation
Wands
 E - a wand of acid (13/15)
 I - a wand of lightning (9/15)
 L - a wand of lightning (10/15)
Scrolls
 g - a scroll of noise
 h - 5 scrolls of identify
 j - 2 scrolls of teleportation
 k - a scroll of enchant weapon {unknown}
 l - a scroll of fear {unknown}
 n - a scroll of magic mapping {unknown}
 q - 4 scrolls of fog {unknown}
 t - a scroll of enchant armour {unknown}
 x - 3 scrolls of remove curse
 C - a scroll of immolation {unknown}
 D - a scroll of recharging {unknown}
 F - a scroll of amnesia {unknown}
 K - a scroll of holy word {unknown}
Potions
 d - 2 potions of heal wounds
 e - a potion of experience {unknown}
 f - 4 potions of curing
 o - a potion of brilliance {unknown}
 p - 2 potions of flight {unknown}
 s - a potion of agility {unknown}
 v - a potion of cure mutation {unknown}
 B - a potion of resistance {unknown}
 H - a potion of cancellation {unknown}
Books
 b - a book of Callings

   Spells                             Type                      Level
   a - Summon Small Mammal            Summoning                    1
   b - Call Imp                       Summoning                    2
   c - Call Canine Familiar           Summoning                    3
   d - Summon Guardian Golem          Hexes/Summoning              3
   e - Summon Lightning Spire         Summoning/Air                4
   f - Summon Ice Beast               Ice/Summoning                4
Comestibles
 c - 7 bread rations
 m - 2 beef jerkies
 z - a meat ration
 A - a fruit
 M - a chunk of flesh


   Skills:
 - Level 2.4 Dodging
 - Level 2.4 Stealth
 + Level 11.4 Spellcasting
 + Level 0.4 Conjurations
 + Level 10.0 Summonings
 - Level 4.0 Air Magic


You had 13 spell levels left.
You knew the following spells:

 Your Spells              Type           Power        Failure   Level  Hunger
a - Summon Small Mammal   Summ           ####         1%          1    None
b - Call Canine Familiar  Summ           ######..     1%          3    None
c - Summon Lightning Spi  Summ/Air       ######..     1%          4    None
d - Summon Guardian Gole  Hex/Summ       #####...     1%          3    None
e - Summon Ice Beast      Ice/Summ       #####...     2%          4    None
f - Throw Flame           Conj/Fire      ###...       2%          2    None


Dungeon Overview and Level Annotations

Branches:
Dungeon (8/15)             Temple (1/1) D:4            Lair (1/6) D:8

Altars:
Ashenzari
Cheibriados
Dithmenos
Elyvilon
Fedhas
Gozag
Hepliaklqana
Kikubaaqudgha
Makhleb
Nemelex Xobeh
Okawaru
Qazlal
Ru
Sif Muna
Trog
Uskayaw
Vehumet
Xom
Yredelemnul
Zin
The Shining One

Shops:
D:7 }:(}

Annotations:
D:3 Blork the orc


Message History

Casting: Summon Ice Beast
Confirm with . or Enter, or press ? or * to list all spells.
A chill wind blows around you.
You feel sick. The killer bee stings you.
* * * LOW HITPOINT WARNING * * *
You are more poisoned.
The killer bee poisons you!
The killer bee stings you but does no damage.
Your ice beast misses the killer bee.
You feel sick. The killer bee stings you!
* * * LOW HITPOINT WARNING * * *
Your ice beast barely misses the killer bee.
You feel better. The killer bee stings you.
* * * LOW HITPOINT WARNING * * *
The killer bee misses you.
Your ice beast hits the killer bee but does no damage.
You miss the killer bee. The killer bee stings you.
* * * LOW HITPOINT WARNING * * *
You are lethally poisoned!
The killer bee poisons you! The killer bee stings you.
You die...

#.......#### #.......'..#
##.......##.#### # #
####...#####....##.
....#.######....#.####........
.......8...'..................
#.......####YY......##.#.#.#.#
#.#.#.... #..y.....†##...#.#..
#..##..##..@......#.........
#.. ...##.........#..≈§≈≈§..
#. ##.##.........#.≈≈≈≈≈≈.. .
..#.........#.§§..≈≈.. .#
..#............≈.>.≈≈.
#....#####..≈≈≈..§≈. #....#
#...≈≈≈§.≈. #.#### #.....≈≈≈..
#......÷...


You could see a killer bee and 2 friendly ice beasts.

Vanquished Creatures
  A phantom (D:4)
  4 bullfrogs (D:6)
  2 howler monkeys
  A crimson imp (D:6)
  A bullfrog skeleton (D:8)
  2 hounds (D:7)
  2 jellies
  An orc wizard (D:6)
  2 worker ants
  A worker ant zombie (D:6)
  Robin (D:4)
  2 adders
  2 gnolls (D:5)
  2 adder skeletons (D:5)
  A worm (D:3)
  3 leopard geckos
  5 orcs
  A giant cockroach (D:2)
  6 goblins
  A hobgoblin (D:2)
  A jackal (D:2)
  A quokka (D:2)
  A ball python (D:2)
  3 bats
  A frilled lizard (D:2)
  6 rats
54 creatures vanquished.

Vanquished Creatures (collateral kills)
  A hydra (Lair:1)
  Grinder (D:4)
  A spriggan (D:7)
  2 hungry ghosts (D:7)
  Edmund (D:4)
  2 hell hounds (D:8)
  2 ice beasts
  An orc warrior (D:5)
  2 sky beasts (D:7)
  2 ogres
  A crocodile (Lair:1)
  The ghost of Shufflesack the Conjurer, an amateur DECj (D:3)
  A bullfrog (D:6)
  2 scorpions
  5 killer bees
  A howler monkey (D:4)
  A gnoll shaman (D:4)
  A centaur skeleton (D:4)
  An orc priest (D:8)
  5 hounds
  An orc wizard (D:8)
  5 worker ants
  3 adders
  16 gnolls
  3 shadow imps
  2 worms
  2 dart slugs
  2 leopard geckos
  15 orcs
  2 bats
  4 giant cockroaches
  15 goblins
  11 hobgoblins
  8 jackals
  2 quokkas
  2 ball pythons
  5 frilled lizards
  9 kobolds
  3 rats (D:1)
144 creatures vanquished.

Grand Total: 198 creatures vanquished

Notes
Turn   | Place    | Note
-------+----------+-------------------------------------------
     0 | D:1      | Gorglomux the Deep Elf Summoner began the quest for the Orb.
     0 | D:1      | Reached XP level 1. HP: 10/10 MP: 6/6
   453 | D:1      | Found a glowing golden altar of the Shining One.
   552 | D:1      | Reached XP level 2. HP: 12/15 MP: 5/8
  1588 | D:1      | Reached skill level 5 in Summonings
  2121 | D:2      | Reached XP level 3. HP: 7/19 MP: 2/10
  2184 | D:2      | Learned a level 3 spell: Call Canine Familiar
  2686 | D:3      | Noticed Shufflesack's ghost (amateur DECj)
  3470 | D:3      | Reached XP level 4. HP: 22/24 MP: 2/11
  3502 | D:3      | Learned a level 4 spell: Summon Lightning Spire
  3754 | D:3      | Killed Shufflesack's ghost
  3754 | D:3      | Reached skill level 4 in Spellcasting
  4722 | D:4      | Noticed Blork the orc
  4849 | D:4      | Noticed Robin
  4853 | D:3      | Reached XP level 5. HP: 13/28 MP: 4/13
  5330 | D:4      | Reached skill level 1 in Air Magic
  6016 | D:4      | Noticed Edmund
  6025 | D:4      | Killed Edmund
  6025 | D:4      | Reached skill level 5 in Spellcasting
  6114 | D:4      | Reached XP level 6. HP: 31/32 MP: 14/16
  6119 | D:4      | Learned a level 3 spell: Summon Guardian Golem
  6123 | D:4      | Found a staircase to the Ecumenical Temple.
  6138 | Temple   | Entered the Ecumenical Temple
  6305 | Temple   | Became a worshipper of Vehumet
  6335 | D:4      | Noticed Grinder
  6337 | D:4      | Paralysed by Grinder for 6 turns
  6353 | D:4      | Killed Grinder
  6353 | D:4      | Reached skill level 6 in Spellcasting
  6702 | D:4      | Reached XP level 7. HP: 16/36 MP: 12/19
  6798 | D:4      | Reached skill level 7 in Spellcasting
  7005 | D:4      | Killed Robin
  7176 | D:4      | Reached * piety under Vehumet
  7176 | D:4      | Offered knowledge of Sandblast by Vehumet.
  7269 | D:5      | Entered Level 5 of the Dungeon
  8175 | D:5      | Reached skill level 8 in Spellcasting
  8611 | D:6      | Reached XP level 8. HP: 25/41 MP: 20/22
  8622 | D:6      | Learned a level 4 spell: Summon Ice Beast
  9054 | D:6      | Reached skill level 9 in Spellcasting
  9451 | D:7      | Found Vurhas's Gadget Emporium.
  9560 | D:7      | Found Gabbeemn's Book Shoppe.
  9970 | D:7      | Reached skill level 10 in Spellcasting
 10154 | D:7      | Found Gimuhous's Weapon Shop.
 10203 | D:7      | Found Rurharoq's Gadget Boutique.
 10234 | D:7      | Reached ** piety under Vehumet
 10613 | D:7      | Found a glowing golden altar of the Shining One.
 10786 | D:8      | Found a staircase to the Lair.
 11069 | D:8      | Offered knowledge of Throw Flame by Vehumet.
 11084 | Lair:1   | Entered Level 1 of the Lair of Beasts
 11084 | Lair:1   | Noticed a six-headed hydra
 11093 | Lair:1   | Killed a six-headed hydra
 11093 | Lair:1   | Reached skill level 11 in Spellcasting
 11093 | Lair:1   | Reached XP level 9. HP: 17/45 MP: 5/26
 11547 | D:8      | Reached skill level 10 in Summonings
 11569 | D:8      | Learned a level 2 spell: Throw Flame
 11755 | D:8      | HP: 1/45 [killer bee (7)]
 11757 | D:8      | Slain by a killer bee

Skill      XL: |  1  2  3  4  5  6  7  8  9 |
---------------+----------------------------+-----
Summonings     | 5 6 7 9 10 | 10.0
Spellcasting   | 4 5 6 8 11 | 11.4
Air Magic      | 2 3 4 |  4.0
Dodging        | |  2.4
Stealth        | |  2.4
Conjurations   | |  0.4

Action                   |  1- 3 |  4- 6 |  7- 9 || total
-------------------------+-------+-------+-------++-------
Melee: Unarmed           |    55 |       |       ||    55
       Short sword       |    43 |    60 |       ||   103
       Flail             |       |     8 |   153 ||   161
 Cast: Summon Small Mamm |    85 |     3 |     1 ||    89
       Call Canine Famil |     9 |    13 |    11 ||    33
       Summon Lightning  |       |    18 |    25 ||    43
       Summon Guardian G |       |       |     3 ||     3
       Summon Ice Beast  |       |       |    15 ||    15
  Use: Potion            |       |     1 |     1 ||     2
       Scroll            |       |       |     4 ||     4
 Stab: Sleeping          |     7 |     1 |     4 ||    12
       Distracted        |     1 |     2 |     2 ||     5
  Eat: Chunk             |     8 |    15 |    14 ||    37
       Bread ration      |       |       |     1 ||     1
Armor: Robe              |    17 |    22 |    51 ||    90
Dodge: Dodged            |    94 |    90 |   131 ||   315
